[Event "56th Biel Festival MTO 2023"]
[White "Malli,Suvirr"]
[Black "Kocharin,Timur"]
[Site "Biel"]
[Round "5.35"]
[Annotator "ChessBase"]
[Result "1-0"]
[Date "2023.07.21"]
[WhiteElo "2094"]
[BlackElo "2225"]
[PlyCount "131"]
[TimeControl "60"]

1. e4 c5 2. Nf3 d6 3. d4 cxd4 4. Nxd4 Nf6 5. Nc3 a6 6. f4 e5 7. Nf3 Qc7 8. a4 Be7 9. Bd3 O-O 10. O-O Nc6 11. h3 exf4 12. Bxf4 Ne5 13. Kh1 Be6 14. Nd4 Qb6 15. Be3 Qc7 16. Nf5 Nxd3 17. Nxe7+ Qxe7 18. cxd3 h6 19. Qf3 Nh7 20. Qg3 Kh8 21. Ne2 f6 22. Rac1 Rfd8 23. Bb6 Rdc8 24. Nf4 Nf8 25. d4 Bf7 26. Qf3 Rc4 27. Rxc4 Bxc4 28. Rc1 Be6 29. Rc7 Bd7 30. a5 Re8 31. Rxb7 Qxe4 32. Qxe4 Rxe4 33. Ng6+ Nxg6 34. Rxd7 Re1+ 35. Kh2 Re2 36. Kg3 Rxb2 37. Rxd6 Rb3+ 38. Kf2 Rb2+ 39. Kf1 Rb1+ 40. Ke2 Rb2+ 41. Ke1 Rb1+ 42. Kd2 Rb2+ 43. Ke3 Rxg2 44. Bc5 Kh7 45. Rxa6 f5 46. Ra8 f4+ 47. Kf3 Rg3+ 48. Kf2 Nh4 49. a6 Rg2+ 50. Kf1 Ra2 51. a7 Ra1+ 52. Ke2 f3+ 53. Ke3 Re1+ 54. Kd2 Ra1 55. Rf8 Ra2+ 56. Kd3 f2 57. Rxf2 Rxf2 58. a8=Q Rf3+ 59. Ke4 Rxh3 60. d5 Ng6 61. d6 Rh5 62. Kd4 Ne5 63. Qe4+ Kg8 64. Qd5+ Kh7 65. Qxe5 Rxe5 66. Kxe5 1-0

[Event "56th Biel Festival MTO 2023"]
[White "Ribiere,Damien"]
[Black "Lorscheid,Gerhard"]
[Site "Biel"]
[Round "5.36"]
[Annotator "NA RC"]
[Result "1/2-1/2"]
[Date "2023.07.21"]
[WhiteElo "2213"]
[BlackElo "2099"]
[PlyCount "40"]
[TimeControl "60"]

1. e4 d6 2. Nc3 Nf6 3. Bc4 c6 4. Bb3 e5 5. d3 Nbd7 6. f4 Nc5 7. Nf3 Nxb3 8. axb3 exf4 9. Bxf4 Be7 10. O-O O-O 11. Qd2 d5 12. e5 Ne8 13. Qf2 a6 14. Na4 Nc7 15. Be3 Ne6 16. Bb6 Qe8 17. Rae1 f6 18. Nc5 fxe5 19. Nxe6 Bxe6 20. Rxe5 Bd6 1/2-1/2

[Event "56th Biel Festival MTO 2023"]
[White "Zhang,Lanlin"]
[Black "Jaivardhan Raj"]
[Site "Biel"]
[Round "5.37"]
[Annotator "NA RC"]
[Result "1-0"]
[Date "2023.07.21"]
[WhiteElo "2194"]
[BlackElo "2009"]
[PlyCount "77"]
[TimeControl "60"]

1. e4 c5 2. Nf3 e6 3. d4 cxd4 4. Nxd4 Nc6 5. Nc3 Qc7 6. g3 a6 7. Bg2 Nf6 8. O-O d6 9. Be3 Ne5 10. a4 Be7 11. Qe2 O-O 12. Rad1 Bd7 13. Bc1 Nc6 14. Nb3 Rab8 15. f4 Rfd8 16. Be3 Na5 17. e5 Ne8 18. Nxa5 Qxa5 19. Bd4 Qc7 20. f5 dxe5 21. Qxe5 Bd6 22. Qe3 b6 23. Ne4 Be5 24. f6 Nxf6 25. Rxf6 gxf6 26. Nxf6+ Bxf6 27. Bxf6 Kf8 28. Qh6+ Ke8 29. Qxh7 Qc5+ 30. Kh1 Qf8 31. Bg7 Bxa4 32. Rxd8+ Rxd8 33. Bxf8 Rd1+ 34. Bf1 Rxf1+ 35. Kg2 Rc1 36. Ba3 Rxc2+ 37. Kf3 Bc6+ 38. Ke3 Rc4 39. Qg8+ 1-0

[Event "56th Biel Festival MTO 2023"]
[White "Matta,Vinay Kumar"]
[Black "Coles,Ruben"]
[Site "Biel"]
[Round "5.38"]
[Annotator "RC"]
[Result "0-1"]
[Date "2023.07.21"]
[WhiteElo "2111"]
[BlackElo "2167"]
[PlyCount "74"]
[TimeControl "60"]

1. e4 e6 2. d4 d5 3. e5 c5 4. c3 Nc6 5. Nf3 Qb6 6. Bd3 cxd4 7. O-O Bd7 8. h4 a6 9. Qe2 Nge7 10. Nbd2 dxc3 11. bxc3 Ng6 12. Nb3 Qc7 13. Re1 f6 14. exf6 gxf6 15. Qc2 O-O-O 16. Bxg6 hxg6 17. Qxg6 Bd6 18. Qxf6 Rdf8 19. Qg7 e5 20. Bg5 e4 21. Nfd4 Be5 22. Qg6 Nxd4 23. Nxd4 Bxd4 24. cxd4 Bf5 25. Qxf5+ Rxf5 26. Rac1 Rf7 27. Rxc7+ Rxc7 28. g4 Rf7 29. Kg2 Rg8 30. Re3 Rgf8 31. Rc3+ Kd7 32. Rc2 Rf3 33. Be3 Rg8 34. g5 Rh8 35. Rc5 Kd6 36. Rc1 Rxh4 37. Rc8 Rg4+ 0-1

[Event "56th Biel Festival MTO 2023"]
[White "Adocchio,Giampiero"]
[Black "Prieb,Robert"]
[Site "Biel"]
[Round "5.39"]
[Annotator "NA RC"]
[Result "1/2-1/2"]
[Date "2023.07.21"]
[WhiteElo "2165"]
[BlackElo "2060"]
[PlyCount "37"]
[TimeControl "60"]

1. d4 d5 2. Nf3 Nf6 3. e3 g6 4. Bd3 Bg7 5. Nbd2 O-O 6. O-O c5 7. c3 Nc6 8. dxc5 Nd7 9. Nb3 a5 10. a4 Qc7 11. Be2 e6 12. Nfd4 Ne7 13. Nb5 Qc6 14. N3d4 Qxc5 15. b4 Qb6 16. bxa5 Qd8 17. Ba3 Be5 18. f4 Bb8 19. Kh1 1/2-1/2

[Event "56th Biel Festival MTO 2023"]
[White "Rotunno,Flavio"]
[Black "Wang,Chuqiao"]
[Site "Biel"]
[Round "5.40"]
[Annotator "NA RC"]
[Result "1/2-1/2"]
[Date "2023.07.21"]
[WhiteElo "2005"]
[BlackElo "2161"]
[PlyCount "39"]
[TimeControl "60"]

1. d4 Nf6 2. c4 e6 3. Nf3 d5 4. Nc3 c6 5. e3 Nbd7 6. Qc2 Bd6 7. b3 Qe7 8. Be2 O-O 9. O-O b6 10. Bb2 Bb7 11. Rad1 Rac8 12. e4 e5 13. Rfe1 dxe4 14. dxe5 Nxe5 15. Nxe4 Nxe4 16. Qxe4 c5 17. Qe3 Nxf3+ 18. Bxf3 Qxe3 19. Rxe3 Bxf3 20. Rxf3 1/2-1/2

[Event "56th Biel Festival MTO 2023"]
[White "Misiano,Franco"]
[Black "Coles,Robin"]
[Site "Biel"]
[Round "5.41"]
[Annotator "NA RC"]
[Result "1/2-1/2"]
[Date "2023.07.21"]
[WhiteElo "2133"]
[BlackElo "2070"]
[PlyCount "78"]
[TimeControl "60"]

1. e4 e6 2. d4 d5 3. Nd2 c5 4. exd5 exd5 5. Ngf3 Nc6 6. Bb5 Qe7+ 7. Be2 Qc7 8. O-O Nf6 9. Bb5 cxd4 10. Re1+ Be7 11. Nxd4 O-O 12. Bxc6 bxc6 13. h3 Bd6 14. N2f3 h6 15. Be3 Bd7 16. Qc1 Ne4 17. Ne2 c5 18. Bf4 Rfe8 19. Bxd6 Qxd6 20. Qf4 Rab8 21. Qxd6 Nxd6 22. b3 g5 23. Rad1 Bc6 24. Ng3 f6 25. Rxe8+ Rxe8 26. Re1 a5 27. a4 d4 28. Rxe8+ Bxe8 29. Kf1 Bg6 30. Ne1 Kf7 31. Nd3 c4 32. bxc4 Nxc4 33. Ne2 Na3 34. Ke1 Nxc2+ 35. Kd2 Na3 36. Nxd4 Nc4+ 37. Kc3 Bxd3 38. Kxd3 Nb2+ 39. Ke3 Nxa4 1/2-1/2

[Event "56th Biel Festival MTO 2023"]
[White "Lohia,Sohum"]
[Black "Stijve,Niels"]
[Site "Biel"]
[Round "5.42"]
[Annotator "NA"]
[Result "1-0"]
[Date "2023.07.21"]
[WhiteElo "2247"]
[BlackElo "2088"]
[PlyCount "91"]
[TimeControl "60"]

1. e4 c5 2. Nf3 e6 3. d4 cxd4 4. Nxd4 a6 5. c4 Nf6 6. Nc3 Bb4 7. Qd3 Qc7 8. a3 Bxc3+ 9. Qxc3 O-O 10. Bd3 d6 11. O-O e5 12. Nc2 Be6 13. Bg5 Nbd7 14. Ne3 Rac8 15. Rac1 Qb8 16. b4 b5 17. Bxf6 Nxf6 18. Qd2 bxc4 19. Nxc4 Nxe4 20. Bxe4 Bxc4 21. Bxh7+ Kxh7 22. Rxc4 Rxc4 23. Qd3+ Kg8 24. Qxc4 Qb7 25. Rc1 Qb5 26. g3 Qa4 27. Rc3 Rd8 28. Qd5 Qb5 29. Qxb5 axb5 30. Rc6 Kf8 31. Rb6 Ke7 32. Rxb5 Ra8 33. Ra5 Rxa5 34. bxa5 Kd7 35. f4 f5 36. fxe5 dxe5 37. g4 fxg4 38. Kf2 Kc6 39. Kg3 Kb5 40. Kxg4 Kxa5 41. Kf5 Ka4 42. Kxe5 Kxa3 43. Kf5 Kb4 44. Kg6 Kc5 45. h4 Kd5 46. h5 1-0

[Event "56th Biel Festival MTO 2023"]
[White "Ozcan,Kaan"]
[Black "Matsumura,Cocoro"]
[Site "Biel"]
[Round "5.43"]
[Annotator "RC"]
[Result "0-1"]
[Date "2023.07.21"]
[WhiteElo "2196"]
[BlackElo "2081"]
[PlyCount "160"]
[TimeControl "60"]

1. d4 d5 2. c4 e6 3. Nc3 Nf6 4. Bg5 dxc4 5. e3 c5 6. dxc5 Nbd7 7. Nf3 Bxc5 8. Bxc4 O-O 9. O-O a6 10. Be2 b5 11. Nd4 Bb7 12. Bf3 Qb8 13. Rc1 Bxf3 14. Nxf3 h6 15. Bh4 Qb7 16. Qe2 Rac8 17. Rfd1 Be7 18. h3 Rfd8 19. a3 Nb6 20. Rxd8+ Rxd8 21. e4 Nc4 22. e5 Nd5 23. Bxe7 Qxe7 24. g3 Nxc3 25. Rxc3 Qd7 26. a4 Qd1+ 27. Qxd1 Rxd1+ 28. Kg2 Rb1 29. axb5 axb5 30. b3 Nb6 31. Nd4 b4 32. Rc6 Nd5 33. Rc8+ Kh7 34. Rb8 Rb2 35. Kf1 Kg6 36. Rb7 Rd2 37. Nc6 Rd3 38. Na5 h5 39. h4 Rc3 40. Ke2 Rc2+ 41. Kf1 Rb2 42. Kg1 f6 43. exf6 gxf6 44. Rb8 Kf5 45. Re8 e5 46. Rg8 Nc3 47. g4+ hxg4 48. Nc4 Rb1+ 49. Kh2 Nd1 50. h5 Rxb3 51. Nd6+ Ke6 52. Rxg4 Nxf2 53. Rh4 Ra3 54. Nb5 Rh3+ 55. Rxh3 Nxh3 56. Kxh3 b3 57. Kg4 b2 58. Nc3 f5+ 59. Kf3 Kf7 60. Ke2 f4 61. Kd3 f3 62. Ke3 e4 63. Kf2 Kg7 64. Ke3 Kh6 65. Kf2 Kxh5 66. Kg3 Kg6 67. Kf2 Kf5 68. Ke3 Ke5 69. Nb1 Kd6 70. Nd2 Kc6 71. Kf2 Kd5 72. Ke3 Ke6 73. Nb1 Kf5 74. Nc3 Kg4 75. Kf2 Kf4 76. Nd5+ Ke5 77. Nc3 Kd4 78. Nb5+ Kd3 79. Na3 Kd2 80. Nb1+ Kc1 0-1

[Event "56th Biel Festival MTO 2023"]
[White "Papaux,Steve"]
[Black "Ammar,Sedrani"]
[Site "Biel"]
[Round "5.44"]
[Annotator "NA"]
[Result "0-1"]
[Date "2023.07.21"]
[WhiteElo "2064"]
[BlackElo "2154"]
[PlyCount "102"]
[TimeControl "60"]

1. d4 d5 2. c4 e6 3. Nf3 Nf6 4. g3 dxc4 5. Bg2 Nc6 6. O-O Rb8 7. a4 a6 8. Na3 b5 9. axb5 axb5 10. Nxb5 Rxb5 11. Qa4 Ra5 12. Qxc6+ Bd7 13. Qxd7+ Nxd7 14. Rxa5 Bd6 15. Nd2 Nb6 16. Nxc4 O-O 17. b3 Nxc4 18. bxc4 c5 19. Ra8 Qb6 20. dxc5 Bxc5 21. Rxf8+ Kxf8 22. Be4 Qb3 23. Bd3 Qc3 24. Bg5 h5 25. Rb1 f6 26. Rb8+ Ke7 27. Rb7+ Kd6 28. Be3 Bxe3 29. fxe3 f5 30. Kf2 g6 31. h3 h4 32. gxh4 Qe5 33. c5+ Qxc5 34. Rb5 Qc3 35. e4 f4 36. Rg5 Qd4+ 37. Kg2 Qe3 38. Rxg6 f3+ 39. exf3 Qxd3 40. h5 Qd2+ 41. Kg3 Ke5 42. h6 Qf4+ 43. Kg2 Qh4 44. Rg4 Qxh6 45. h4 Kd4 46. Kg3 Qc1 47. h5 Qe1+ 48. Kf4 Qd2+ 49. Kg3 Ke3 50. Rh4 Qf2+ 51. Kg4 Qg2# 0-1

[Event "56th Biel Festival MTO 2023"]
[White "Hornung,Hans"]
[Black "Akshit Kumar J"]
[Site "Biel"]
[Round "5.45"]
[Annotator "NA RC"]
[Result "0-1"]
[Date "2023.07.21"]
[WhiteElo "2047"]
[BlackElo "2105"]
[PlyCount "58"]
[TimeControl "60"]

1. Nf3 d5 2. g3 Nf6 3. Bg2 c6 4. O-O Bg4 5. d3 Nbd7 6. Qe1 e5 7. e4 dxe4 8. dxe4 Bc5 9. b4 Bb6 10. Bb2 Qe7 11. Na3 a5 12. b5 Bxf3 13. Bxf3 Qe6 14. Qe2 Rc8 15. Rad1 O-O 16. Nc4 cxb5 17. Nd6 Rc6 18. Nf5 b4 19. Rd2 Rfc8 20. Rfd1 g6 21. Nh6+ Kg7 22. Rxd7 Nxd7 23. Bg4 Rxc2 24. Bxe6 Rxe2 25. Ng4 Rxb2 26. Rxd7 Rf8 27. Nxe5 Rxf2 28. Kh1 Kf6 29. Ng4+ Kxe6 0-1

[Event "56th Biel Festival MTO 2023"]
[White "Pernutz,Hans-Gerhard"]
[Black "Jaksland,Tim"]
[Site "Biel"]
[Round "5.46"]
[Annotator "RC"]
[Result "0-1"]
[Date "2023.07.21"]
[WhiteElo "2054"]
[BlackElo "2136"]
[PlyCount "128"]
[TimeControl "60"]

1. e4 e5 2. Nf3 Nc6 3. d4 exd4 4. Bc4 Bc5 5. c3 Nf6 6. e5 d5 7. Bb5 Ne4 8. cxd4 Bb6 9. Bxc6+ bxc6 10. O-O O-O 11. h3 f6 12. Nc3 Ba6 13. Re1 fxe5 14. Nxe4 dxe4 15. Nxe5 Bxd4 16. Ng4 Bd3 17. Be3 Rb8 18. Bxd4 Qxd4 19. b3 c5 20. Qd2 h5 21. Ne3 Rb6 22. Rac1 Rbf6 23. Nd1 Ra6 24. Ne3 Raf6 25. Nd1 R8f7 26. Qe3 Rf5 27. Qd2 R7f6 28. Re3 h4 29. Re1 Kh7 30. Ne3 Rxf2 31. Qxf2 Rxf2 32. Kxf2 Qb2+ 33. Kg1 Qxa2 34. Rxc5 Qd2 35. Rcc1 Qb4 36. Kh1 c5 37. Ng4 a5 38. Ne5 Qd4 39. Nc6 Qf2 40. Nxa5 e3 41. Nc4 e2 42. Nd2 Kh6 43. Rg1 Qe3 44. Nf3 Be4 45. Rce1 Bxf3 46. gxf3 Qxf3+ 47. Kh2 Qf2+ 48. Kh1 g5 49. Rb1 Kg6 50. Rbc1 Kf5 51. Rb1 Ke6 52. Rbc1 Kd6 53. Rb1 Kc6 54. b4 cxb4 55. Rbc1+ Kd6 56. Rb1 Qe3 57. Kh2 b3 58. Rbe1 Kd5 59. Rb1 Kd4 60. Rg4+ Kc3 61. Rgg1 b2 62. Rbe1 Kc2 63. Rb1 Qd2 64. Rbe1 b1=Q 0-1

[Event "56th Biel Festival MTO 2023"]
[White "Perkampus,Laurin"]
[Black "Erne,Raphael"]
[Site "Biel"]
[Round "5.47"]
[Annotator "NA RC"]
[Result "1/2-1/2"]
[Date "2023.07.21"]
[WhiteElo "2197"]
[BlackElo "2077"]
[PlyCount "79"]
[TimeControl "60"]

1. d4 d5 2. c4 c6 3. Nc3 Nf6 4. e3 e6 5. Nf3 Nbd7 6. Qc2 Bd6 7. Bd3 dxc4 8. Bxc4 b5 9. Be2 Bb7 10. O-O O-O 11. e4 e5 12. dxe5 Nxe5 13. Nd4 Neg4 14. g3 Bc5 15. Nf5 Qb6 16. Kg2 Bc8 17. h3 Bxf5 18. exf5 Ne5 19. Bg5 Ned7 20. Rad1 h6 21. Bf4 Rad8 22. g4 Bd4 23. Bg3 Rfe8 24. Rfe1 a6 25. Bf3 c5 26. Ne4 Ne5 27. Nxf6+ Qxf6 28. Bxe5 Rxe5 29. Rxe5 Qxe5 30. Qe2 Qf6 31. b3 h5 32. Qe4 c4 33. bxc4 bxc4 34. gxh5 c3 35. Kf1 Qb6 36. h6 Qxh6 37. Bg2 Qb6 38. Rb1 Qc5 39. Qc2 Bxf2 40. h4 1/2-1/2

[Event "56th Biel Festival MTO 2023"]
[White "Schnell,Simon"]
[Black "Gemelli,Romain"]
[Site "Biel"]
[Round "5.48"]
[Annotator "NA"]
[Result "0-1"]
[Date "2023.07.21"]
[WhiteElo "2029"]
[BlackElo "2122"]
[PlyCount "42"]
[TimeControl "60"]

1. d4 Nf6 2. c4 e6 3. Nc3 Bb4 4. e3 O-O 5. Nge2 c6 6. a3 Ba5 7. Ng3 d5 8. cxd5 exd5 9. Bd3 Re8 10. O-O Nbd7 11. f3 Nf8 12. Qc2 Ne6 13. Qf2 Bc7 14. Bd2 h5 15. Rfe1 g6 16. Rad1 Qd6 17. Bc1 Bd7 18. Nf1 Qe7 19. h3 Rad8 20. h4 Kg7 21. g3 Kh7 0-1

[Event "56th Biel Festival MTO 2023"]
[White "Ludwig,Peter"]
[Black "Giacomini,Hector"]
[Site "Biel"]
[Round "5.49"]
[Annotator "NA RC"]
[Result "1/2-1/2"]
[Date "2023.07.21"]
[WhiteElo "2147"]
[BlackElo "2126"]
[PlyCount "101"]
[TimeControl "60"]

1. g3 d5 2. Bg2 Nf6 3. Nf3 e6 4. O-O c5 5. c4 dxc4 6. Na3 Nc6 7. Nxc4 Be7 8. b3 O-O 9. Bb2 Qc7 10. Nfe5 Bd7 11. Rc1 Rfd8 12. e3 Be8 13. f4 Rac8 14. Ng4 b5 15. Nce5 Nxe5 16. Bxe5 Qd7 17. Rf2 Nxg4 18. Qxg4 f6 19. Bc3 Bg6 20. e4 c4 21. b4 a5 22. a3 Bf7 23. h4 axb4 24. axb4 h5 25. Qe2 Qd3 26. Kh2 Qxe2 27. Rxe2 e5 28. fxe5 fxe5 29. Ra1 Ra8 30. Ree1 Bd6 31. Bh3 Ra4 32. Rxa4 bxa4 33. Ra1 Ra8 34. Bd7 a3 35. Kg2 Kf8 36. Kf3 Be8 37. Be6 Bb5 38. Bd5 Ra4 39. g4 g6 40. g5 Ke8 41. Ke3 Ke7 42. Rf1 a2 43. Ra1 Bxb4 44. Bxb4+ Rxb4 45. Rxa2 Rb3+ 46. Kf2 Rh3 47. Ra7+ Kd8 48. Rg7 Be8 49. Rg8 Ke7 50. Rg7+ Kd8 51. Rg8 1/2-1/2

[Event "56th Biel Festival MTO 2023"]
[White "Aryan Chopra"]
[Black "Bu,Xiangzhi"]
[Site "Biel"]
[Round "6.1"]
[Annotator "TA"]
[Result "1/2-1/2"]
[Date "2023.07.24"]
[WhiteElo "2626"]
[BlackElo "2676"]
[PlyCount "123"]
[TimeControl "60"]

1. c4 e6 2. Nc3 c5 3. Nf3 d5 4. cxd5 exd5 5. d4 Nc6 6. dxc5 d4 7. Na4 Bxc5 {[%emt 0:0:13][%mdl 64] Decoy. D32: Tarrasch Defence: Sidelines and lines without g3.} 8. Nxc5 Qa5+ 9. Bd2 Qxc5 {[%emt 0:0:4] The position is equal.} 10. Rc1 Qb6 11. e3 Nf6 12. Bc4 dxe3 13. Bxe3 Qb4+ 14. Bd2 {[%emt 0:16:44] This pair of bishops is nice.} Qe7+ 15. Qe2 Qxe2+ 16. Kxe2 O-O 17. h3 {[%emt 0:7:44] [#]} Ne4 $146 (17... Bf5 {with more complications.} 18. Rhd1 Rad8 19. Bg5 Rfe8+ )({Predecessor:} 17... Be6 18. Bxe6 Rfe8 19. Rhd1 Rxe6+ 20. Be3 Kf8 21. Nd4 Nxd4+ 22. Rxd4 h6 23. Kf3 Ke8 {1-0 Schmakel,S (2418)-Shlyakhtenko,R (2435) Los Angeles Labor Day GM 2022 (1)} )18. Rhd1 Nxd2 19. Rxd2 Re8+ 20. Kf1 Rd8 21. Rxd8+ Nxd8 22. Rd1 Ne6 {[%emt 0:13:0] [#]} (22... Be6 $11 {remains equal.} 23. Bxe6 Nxe6 )23. Ng5 $1 $16 {[%emt 0:1:45][%mdl 64] Deflection, Back Rank} b6 (23... h6 24. Nxe6 )24. b3 h6 25. Nxe6 fxe6 {[%emt 0:1:42][%mdl 4096] Endgame KRB-KRB} 26. Rd6 Kf7 27. Rc6 $1 Kf6 28. Rc7 a6 29. Bd3 {[%emt 0:2:52] White has more active pieces.} (29. g4 $16 )Rb8 $1 $14 30. Be4 e5 31. b4 Be6 32. a3 a5 33. f3 axb4 34. axb4 Rd8 ({But not} 34... Rc8 35. Rb7 $16 )(34... b5 $11 {keeps the balance.} )35. Rc6 $16 b5 {[%emt 0:0:28] [#]} 36. Ke1 $1 Ke7 37. Rc5 Bc4 38. Rxe5+ Kf6 39. Rc5 Rd7 40. Bc6 Re7+ {[%emt 0:0:20] [#]} 41. Kd1 $1 Bf1 42. f4 ({Much worse is} 42. Bxb5 $6 Bxg2 43. Bc6 Bxh3 $11 )({White should try} 42. g4 $16 )Re3 43. g4 (43. h4 $14 )Rb3 $11 44. g5+ hxg5 45. fxg5+ Ke7 46. Bxb5 Bxh3 47. Rc4 Rg3 48. Rc7+ Kd6 49. Rxg7 Rb3 50. g6 Rxb4 51. Bd3 Be6 52. Ra7 Rd4 53. Ke2 Ke5 54. Ra5+ Rd5 55. Ra6 Rd6 56. Ra8 Kf6 57. Ke3 Kg7 58. Ra7+ Rd7 59. Ra6 Bg8 60. Bf5 Rb7 61. Kf4 Rc7 62. Kg5 {[%emt 0:0:49] Weighted Error Value: White=0.08 (flawless) /Black=0.08 (flawless)} 1/2-1/2

[Event "56th Biel Festival MTO 2023"]
[White "Rodrigue-Lemieux,Shawn"]
[Black "Liu,Yan"]
[Site "Biel"]
[Round "6.2"]
[Annotator "ChessBase"]
[Result "1/2-1/2"]
[Date "2023.07.24"]
[WhiteElo "2495"]
[BlackElo "2542"]
[PlyCount "41"]
[TimeControl "60"]

1. e4 c5 2. Nf3 d6 3. Bb5+ Nd7 4. Ba4 Ngf6 5. O-O e6 6. Re1 a6 7. c4 Be7 8. Nc3 O-O 9. d4 cxd4 10. Nxd4 Qc7 11. Qe2 Ne5 12. Bb3 Bd7 13. f4 Qb6 14. Be3 Neg4 15. Nf5 Bd8 16. Ne7+ Kh8 17. Bxb6 Bxb6+ 18. Kh1 Nf2+ 19. Kg1 N2g4+ 20. Kh1 Nf2+ 21. Kg1 1/2-1/2

[Event "56th Biel Festival MTO 2023"]
[White "Pranav Anand"]
[Black "Deuer,Marius"]
[Site "Biel"]
[Round "6.3"]
[Annotator "ChessBase"]
[Result "1/2-1/2"]
[Date "2023.07.24"]
[WhiteElo "2510"]
[BlackElo "2374"]
[PlyCount "64"]
[TimeControl "60"]

1. d4 Nf6 2. c4 e6 3. Nc3 Bb4 4. Qc2 O-O 5. a3 Bxc3+ 6. Qxc3 b6 7. Bg5 Bb7 8. f3 d6 9. Nh3 Nbd7 10. e4 e5 11. d5 Rc8 12. b4 c6 13. Qd2 cxd5 14. cxd5 h6 15. Be3 Nh5 16. Bd3 f5 17. exf5 Nhf6 18. O-O Nxd5 19. Bf2 N7f6 20. Bh4 Qe8 21. g4 Nxg4 22. fxg4 Nc3 23. b5 Qf7 24. Rf2 Qd5 25. Kf1 e4 26. Nf4 Qe5 27. Re1 Rfe8 28. f6 Rc7 29. Bc4+ d5 30. Ng6 e3 31. Qc2 Qe4 32. Qxe4 Nxe4 1/2-1/2

[Event "56th Biel Festival MTO 2023"]
[White "Vantika Agrawal"]
[Black "Samant Aditya S"]
[Site "Biel"]
[Round "6.4"]
[Annotator "ChessBase"]
[Result "1/2-1/2"]
[Date "2023.07.24"]
[WhiteElo "2428"]
[BlackElo "2510"]
[PlyCount "87"]
[TimeControl "60"]

1. d4 Nf6 2. c4 e6 3. Nf3 d5 4. g3 Bb4+ 5. Bd2 Bd6 6. Nc3 O-O 7. Bg2 dxc4 8. e4 Be7 9. Qe2 a6 10. a4 c5 11. dxc5 Nfd7 12. Qxc4 Nxc5 13. O-O Nc6 14. Be3 Qd3 15. Nd2 Ne5 16. Qxd3 Ncxd3 17. Rab1 Bd7 18. h3 Bc6 19. f4 Nd7 20. Nb3 Bb4 21. Nd4 Bc5 22. Rfd1 Nb4 23. Bf2 Rfd8 24. Nxc6 bxc6 25. e5 Bxf2+ 26. Kxf2 Nb6 27. Ke2 Kf8 28. b3 a5 29. Ne4 Ke7 30. Rbc1 N6d5 31. Rc4 f6 32. Nd6 Rf8 33. Rdc1 fxe5 34. fxe5 Kd7 35. Rg4 g6 36. Rh4 h5 37. Rhc4 g5 38. h4 g4 39. Be4 Rab8 40. Rd1 Na2 41. Rd3 Nab4 42. Rd2 Na6 43. Rd3 Nab4 44. Rd2 1/2-1/2

[Event "56th Biel Festival MTO 2023"]
[White "Albornoz Cabrera,Carlos Daniel"]
[Black "Wang,Chen"]
[Site "Biel"]
[Round "6.5"]
[Annotator "ChessBase"]
[Result "1/2-1/2"]
[Date "2023.07.24"]
[WhiteElo "2591"]
[BlackElo "2477"]
[PlyCount "77"]
[TimeControl "60"]

1. e4 c5 2. Nf3 e6 3. d4 cxd4 4. Nxd4 Nc6 5. Nc3 a6 6. Qd3 Qc7 7. Nxc6 Qxc6 8. a4 Bc5 9. Be2 Ne7 10. O-O O-O 11. Be3 d6 12. Rfd1 e5 13. Bxc5 dxc5 14. Qg3 Ng6 15. Bc4 Be6 16. Bd5 Qc7 17. Rd2 Rfd8 18. Rad1 Nf8 19. h4 f6 20. Qh3 Kf7 21. Bxe6+ Nxe6 22. Nd5 Qc6 23. Qf5 h6 24. h5 Qe8 25. Qh7 Nf8 26. Qf5 Qe6 27. Qf3 Rd7 28. Qe3 Qc6 29. a5 Rdd8 30. Qf3 Rd7 31. Qg3 Rdd8 32. Qg4 Qa4 33. Rd3 Rd7 34. Rg3 Rdd8 35. Rdd3 Ke8 36. Rc3 Rd7 37. Kh2 Rdd8 38. Qxg7 b6 39. Kg1 1/2-1/2

[Event "56th Biel Festival MTO 2023"]
[White "Nguyen,Ngoc Truong Son"]
[Black "Muthaiah AL"]
[Site "Biel"]
[Round "6.6"]
[Annotator "RC"]
[Result "1-0"]
[Date "2023.07.24"]
[WhiteElo "2645"]
[BlackElo "2445"]
[PlyCount "125"]
[TimeControl "60"]

1. d4 d5 2. c4 c6 3. Nf3 Nf6 4. Qc2 dxc4 5. Qxc4 Bf5 6. g3 e6 7. Bg2 Be7 8. O-O O-O 9. Nc3 Nbd7 10. Re1 Bg6 11. Qb3 Qb6 12. e4 Qxb3 13. axb3 Bb4 14. Nh4 e5 15. Nxg6 hxg6 16. dxe5 Nxe5 17. Rd1 Rfd8 18. Be3 Nd3 19. Rxa7 Nxb2 20. Rxd8+ Rxd8 21. Na4 Nxa4 22. Rxa4 Rd1+ 23. Bf1 c5 24. e5 Ng4 25. Ra8+ Kh7 26. Kg2 Nxe3+ 27. fxe3 Rd5 28. Re8 Bc3 29. e6 fxe6 30. Bc4 Re5 31. Kf3 g5 32. g4 Kg6 33. Rf8 Kh7 34. Bd3+ g6 35. Rf7+ Kh6 36. Rxb7 Rd5 37. Bc4 Rd6 38. h3 Be5 39. Ke4 Bh2 40. Re7 Rb6 41. Bxe6 Rb8 42. Kd5 Rd8+ 43. Kc6 Rh8 44. e4 Rh7 45. Rxh7+ Kxh7 46. Kxc5 Kg7 47. b4 Kf6 48. Kd5 Bg3 49. b5 Bf4 50. b6 Bg3 51. Bd7 Bf2 52. e5+ Ke7 53. b7 Ba7 54. Ba4 Bb8 55. Bc2 Kf7 56. Bd3 Ke7 57. Bxg6 Bc7 58. Bd3 Bb8 59. Ke4 Bc7 60. Kf5 Bb8 61. Bc4 Bc7 62. e6 Bf4 63. h4 1-0

[Event "56th Biel Festival MTO 2023"]
[White "Yuffa,Daniil"]
[Black "Materia,Marco"]
[Site "Biel"]
[Round "6.7"]
[Annotator "ChessBase"]
[Result "1-0"]
[Date "2023.07.24"]
[WhiteElo "2603"]
[BlackElo "2436"]
[PlyCount "135"]
[TimeControl "60"]

1. c4 e5 2. g3 c6 3. Nf3 e4 4. Nd4 d5 5. cxd5 Qxd5 6. Nc2 Nf6 7. Nc3 Qe5 8. Bg2 Be7 9. b4 O-O 10. Bb2 Re8 11. O-O Bf8 12. b5 Qh5 13. Ne3 Bh3 14. d3 exd3 15. exd3 Qxd1 16. Rfxd1 Bxg2 17. Kxg2 a6 18. b6 Nbd7 19. Na4 Nc5 20. Nxc5 Bxc5 21. Bxf6 Bxe3 22. fxe3 gxf6 23. Kf3 Re6 24. d4 Rae8 25. Rd3 f5 26. Rc1 Kg7 27. Rc5 Kg6 28. h3 R8e7 29. a4 f6 30. g4 fxg4+ 31. hxg4 h6 32. Rf5 Re8 33. a5 R8e7 34. Rh5 Re4 35. Rc5 R4e6 36. Rf5 Re8 37. Rf4 h5 38. gxh5+ Kxh5 39. e4 Kg6 40. Rd1 Rh8 41. Rg1+ Kf7 42. Rfg4 Rh7 43. Rg8 Re7 44. R1g3 Rd7 45. Ke3 Re7 46. Kd3 Rd7 47. Kc4 Re7 48. R8g4 Rd7 49. Rf4 Ke7 50. Rg8 Rf7 51. Rb8 Rh7 52. Rg4 Ke6 53. Re8+ Kf7 54. Rc8 Ke6 55. Rgg8 Rh4 56. Rc7 Rhh7 57. Re8+ Rde7 58. Rxb7 Rxe8 59. Rxh7 Kd6 60. b7 c5 61. dxc5+ Kc6 62. Re7 Rd8 63. Re6+ Kxb7 64. Rb6+ Kc7 65. Rxf6 Re8 66. Kd5 Rd8+ 67. Rd6 Rh8 68. Rxa6 1-0

[Event "56th Biel Festival MTO 2023"]
[White "Quesada Perez,Luis Ernesto"]
[Black "Jinan Jomon"]
[Site "Biel"]
[Round "6.8"]
[Annotator "ChessBase"]
[Result "1/2-1/2"]
[Date "2023.07.24"]
[WhiteElo "2553"]
[BlackElo "2409"]
[PlyCount "237"]
[TimeControl "60"]

1. d4 Nf6 2. c4 e6 3. Nf3 Bb4+ 4. Nbd2 b6 5. a3 Bxd2+ 6. Qxd2 Bb7 7. e3 O-O 8. b4 a5 9. Bb2 Ne4 10. Qc2 axb4 11. axb4 Rxa1+ 12. Bxa1 Qe7 13. c5 Bd5 14. Bd3 f5 15. Bc3 d6 16. O-O dxc5 17. dxc5 bxc5 18. bxc5 Qxc5 19. Bxe4 Bxe4 20. Qb2 Qe7 21. Ne5 Nd7 22. f3 Rb8 23. Qd2 Bd5 24. Nxd7 Qxd7 25. Bd4 h6 26. Rc1 Rb7 27. Qc3 Qf7 28. h3 c6 29. Ra1 Kh7 30. Qc2 Qg6 31. Kh2 Qe8 32. Be5 Bb3 33. Qc5 Bd5 34. Ra4 Qe7 35. Qxe7 Rxe7 36. e4 fxe4 37. fxe4 Bb3 38. Rb4 Bc2 39. Rc4 Bd3 40. Rd4 Bb5 41. Kg3 Kg6 42. Kf4 Rf7+ 43. Ke3 Ra7 44. Rd6 Kf7 45. h4 c5 46. Rd8 Kg6 47. g4 Ra3+ 48. Kf4 Ra7 49. h5+ Kf7 50. Rc8 g5+ 51. hxg6+ Kxg6 52. Rxc5 Be2 53. Rc6 Rf7+ 54. Kg3 Re7 55. Rc8 Bd3 56. Kf3 Rf7+ 57. Ke3 Bb5 58. Rg8+ Kh7 59. Rb8 Bc4 60. Rh8+ Kg6 61. Bf4 Kg7 62. Be5+ Kg6 63. Bf4 Kg7 64. Rc8 Bb3 65. Rc1 Kg6 66. Rh1 Rh7 67. Kd4 h5 68. Rh3 Bd1 69. gxh5+ Rxh5 70. Rg3+ Kf6 71. Bc7 Rb5 72. Rg1 Be2 73. Ke3 Bh5 74. Rf1+ Ke7 75. Kf4 Bg6 76. Rd1 Ke8 77. Rd4 Ke7 78. Bd8+ Kf7 79. Ra4 Ke8 80. Bf6 Kf7 81. Bh4 Rh5 82. Bg3 Rb5 83. Bf2 Bh5 84. Ra7+ Kg6 85. Bd4 Bd1 86. Rg7+ Kh6 87. Rg2 Kh7 88. Bg7 Bb3 89. Be5 Bc4 90. Rg7+ Kh6 91. Rc7 Bb3 92. Bd6 Rb8 93. Ke5 Kg6 94. Rc3 Rb5+ 95. Bc5 Rb7 96. Kd6 Ba2 97. Rg3+ Kh5 98. Bd4 Rf7 99. Bh8 Kh4 100. Rg1 Rf3 101. Bd4 Bb3 102. Ke5 Kh3 103. Rh1+ Kg2 104. Rb1 Bc4 105. Rc1 Bb3 106. Re1 Bc4 107. Rg1+ Kh3 108. Rg7 Bb3 109. Bb2 Rf2 110. Bc1 Rf1 111. Bf4 Rf3 112. Rg1 Bc4 113. Rh1+ Kg4 114. Rc1 Bb3 115. Rb1 Bc4 116. Bh2 Kh3 117. Rb2 Bb3 118. Kd4 Kg4 119. Bg1 1/2-1/2